 Dungeon Crawl Stone Soup version 0.31-a0-233-g139696dc86 (webtiles) character file.

Game seed: 4646960995700455839

79 qw the Shooter (level 4, -1/36 HPs)
             Began as a Minotaur Hexslinger on July 9, 2023.
             Slain by an endoplasm (2 damage)
             ... on level 3 of the Dungeon.
             The game lasted 00:00:42 (1870 turns).

qw the Shooter (Minotaur Hexslinger)                Turns: 1870, Time: 00:00:43

Health: -1/36      AC:  5    Str: 13    XL:     4   Next: 17%
Magic:  4/4        EV: 11    Int: 10    God:
Gold:   84         SH:  0    Dex: 14    Spells: 4/5 levels left

rFire   . . .        Y - +1 sling
rCold   . . .        (no shield)
rNeg    . . .        a - +0 ring mail
rPois   .            (helmet restricted)
rElec   .            (no cloak)
rCorr   +            (no gloves)
SInv    .            (no boots)
Will    .....        (no amulet)
Stlth   +            h - ring of resist corrosion
HPRegen 0.26/turn    (no ring)
MPRegen 0.09/turn

%: no passive effects
@: about to teleport
A: horns 2, retaliatory headbutt
a: no special abilities


You were on level 3 of the Dungeon.
You visited 1 branch of the dungeon, and saw 3 of its levels.

You collected 84 gold pieces.


Innate Abilities, Weirdness & Mutations

You have a pair of horns on your head.
You reflexively headbutt those who attack you in melee.


   Skills:
 - Level 2.0 Fighting
 + Level 4.4 Ranged Weapons
 - Level 1.3 Armour
 - Level 2.1 Dodging
 - Level 1.0 Spellcasting
 - Level 2.0 Hexes


You had 4 spell levels left.
You knew the following spells:

 Your Spells              Type           Power      Damage    Failure   Level
a - Slow                  Hex            16%        N/A       32%         1

Your spell library contained the following spells:

 Spells                   Type           Power      Damage    Failure   Level
 Inner Flame              Hex/Fire       2%         N/A       82%         3
 Portal Projectile        Hex/Tloc       4%         N/A       82%         3
 Cause Fear               Hex            2%         N/A       97%         4

Inventory:

Hand Weapons
 Y - a +1 sling (weapon)
Armour
 a - a +0 ring mail (worn)
Jewellery
 h - a ring of resist corrosion (left hand)
Potions
 d - a potion of curing {unknown}
 e - a potion of mutation {unknown}
 g - a potion of haste {unknown}
 j - a potion of invisibility {unknown}
 k - a potion of enlightenment {unknown}

Dungeon Overview and Level Annotations

Branches:
Dungeon (3/15)

Altars:
Trog
Wu Jian

Annotations:
D:3 Terence


Message History

The sling bullet closely misses Terence.
Terence hits you with a +0 mace!
You shoot a sling bullet.
The sling bullet closely misses Terence.
A bat comes into view.
Terence barely misses you. You furiously retaliate!
You headbutt Terence. Terence barely misses you.
An endoplasm comes into view.
You shoot a sling bullet. The endoplasm quivers.
The sling bullet hits Terence!
Terence is heavily wounded.
Terence barely misses you.
You shoot a sling bullet.
The sling bullet hits Terence but does no damage.
Terence is heavily wounded.
Terence hits you with a +0 mace!
You shoot a sling bullet. The sling bullet barely misses Terence.
Terence barely misses you. Terence hits you with a +0 mace!
You shoot a sling bullet. The sling bullet hits Terence!
Terence is severely wounded.
Terence hits you but does no damage.
You shoot a sling bullet.
The sling bullet hits Terence but does no damage.
Terence is severely wounded.
Terence hits you with a +0 mace.
1868 ||| READING scroll of teleportation.
As you read the scroll of teleportation, it crumbles to dust.
You feel strangely unstable.
Terence says, "Don't bother to defend, it's pointless."
Terence barely misses you. The endoplasm hits you.
You shoot a sling bullet.
The sling bullet hits Terence but does no damage.
Terence is severely wounded.
The endoplasm barely misses you. Terence hits you with a +0 mace.
You shoot a sling bullet. The sling bullet barely misses Terence.
Terence misses you. The endoplasm freezes you.
You are frozen.
Terence hits you with a +0 mace. The endoplasm hits you.
You die...

..........#
###)...........#
...)......#
###<.###.#.#...#
..........#
#..........#####
........##
####<..####[.##
<.......###....###
##%# .......#..# #.#
..###..## .).
...###..##### ....
......J@....# #.....
.#..##@####....)......
... ..b ##......
....... ##..... #.#...
.....#. .......


You could see Terence, an endoplasm and a bat.

Vanquished Creatures
  2 adders (D:2)
  A worm (D:3)
  2 dart slugs
  5 orcs
  4 endoplasms
  2 giant cockroaches (D:1)
  4 goblins
  A hobgoblin (D:1)
  2 jackals (D:1)
  7 kobolds
  A quokka (D:2)
  7 ball pythons
  5 bats
  A frilled lizard (D:2)
  5 rats
49 creatures vanquished.

Notes
Turn   | Place    | Note
-------+----------+-------------------------------------------
     0 | D:1      | qw the Minotaur Hexslinger began the quest for the Orb.
     0 | D:1      | Reached XP level 1. HP: 16/16 MP: 1/1
     0 | D:1      | 0 ||| qw: Version: 0.3-a-51-g015441d
     0 | D:1      | 0 ||| qw: Game counter: 3775
     0 | D:1      | 0 ||| qw: Melee chars always use a shield: true
     0 | D:1      | 0 ||| qw: God list: Okawaru
     0 | D:1      | 0 ||| qw: Allow faded altars: false
     0 | D:1      | 0 ||| qw: Do Orc after clearing Dungeon:15 true
     0 | D:1      | 0 ||| qw: Do second Lair branch before Depths: true
     0 | D:1      | 0 ||| qw: Lair rune preference: random
     0 | D:1      | 0 ||| qw: Goals: Normal
     0 | D:1      | 0 ||| PLANNING D:1-11
   118 | D:1      | Reached skill level 3 in Ranged Weapons
   118 | D:1      | Reached XP level 2. HP: 23/23 MP: 2/2
   226 | D:1      | 226 ||| READING scroll labelled ISIUBOPHYSH.
   679 | D:1      | 679 ||| UPGRADING to +0 ring mail.
   689 | D:1      | 689 ||| DROPPING +0 robe.
   690 | D:1      | 690 ||| READING 2 scrolls labelled GUHENTETHRU.
   691 | D:1      | 691 ||| READING scroll labelled MICSOGO ZARR.
   695 | D:1      | 695 ||| DRINKING 2 bubbling silvery potions.
   733 | D:1      | 733 ||| DROPPING scroll of poison.
   734 | D:1      | 734 ||| DROPPING potion of lignification.
   735 | D:1      | 735 ||| DROPPING scroll of revelation.
   748 | D:2      | Reached XP level 3. HP: 18/29 MP: 3/3
   750 | D:2      | HP: 7/29 [kobold/+0 whip (2)]
  1035 | D:2      | Reached skill level 4 in Ranged Weapons
  1059 | D:2      | Found an ornate altar of the Wu Jian Council.
  1135 | D:2      | Reached skill level 1 in Armour
  1507 | D:2      | 1507 ||| UPGRADING to ring of resist corrosion.
  1508 | D:2      | 1508 ||| READING 2 scrolls labelled MICOAM YCUEN.
  1509 | D:2      | 1509 ||| DRINKING 3 green potions.
  1614 | D:2      | 1614 ||| DROPPING scroll of noise.
  1615 | D:2      | 1615 ||| DROPPING 2 potions of berserk rage.
  1638 | D:3      | 1638 ||| STAIRDANCE
  1707 | D:3      | 1707 ||| STAIRDANCE
  1714 | D:2      | Reached XP level 4. HP: 25/36 MP: 4/4
  1764 | D:3      | Found a bloodstained altar of Trog.
  1859 | D:3      | Noticed Terence
  1867 | D:3      | HP: 8/36 [Terence/+0 mace (3)]
  1868 | D:3      | 1868 ||| READING scroll of teleportation.
  1870 | D:3      | HP: 1/36 [Terence/+0 mace (5)]
  1870 | D:3      | Slain by an endoplasm

Levels and vault maps discovered:
D:1:      enne_arrival_octagon_isle, layout_basic,
          hangedman_abyss_or_decor_stabs, nicolae_concentric_dashed_squares_wild
D:2:      layout_basic, basic_altar, nicolae_figureground_sparkle
D:3:      layout_rooms, old_standard_altar, uniq_terence

Skill      XL: |  1  2  3 |
---------------+----------+-----
Ranged Weapons | 3 4 |  4.4
Fighting       | 2 |  2.0
Armour         | 1 |  1.3
Dodging        | |  2.1
Spellcasting   | |  1.0
Hexes          | |  2.0

Action                     |  1- 3 |  4- 6 || total
---------------------------+-------+-------++-------
   Fire: Sling             |   115 |    29 ||   144
    Use: Scroll            |     4 |     1 ||     5
         Potion            |     2 |       ||     2
 Armour: Ring mail         |    15 |     5 ||    20
         Robe              |     1 |       ||     1
  Dodge: Dodged            |    49 |    18 ||    67

Table legend:
 A = Non-vault XP
 B = Vault XP
 C = Vault XP percentage of total XP
 D = Non-vault monster count
 E = Vault monster count
 F = Vault count percentage of total count
                 A         B        C        D         E       F
            +---------+---------+-------+---------+---------+-------
      Total |     114 |       0 |   0.0 |      49 |       0 |   0.0
            +---------+---------+-------+---------+---------+-------
        D:1 |      33 |       0 |   0.0 |      20 |       0 |   0.0
        D:2 |      61 |       0 |   0.0 |      20 |       0 |   0.0
        D:3 |      20 |       0 |   0.0 |       9 |       0 |   0.0
            +---------+---------+-------+---------+---------+-------
